 Dungeon Crawl Stone Soup version 0.31-a0-455-g1a7b003ef0 (webtiles) character file.

Game seed: 9334477127252909755

3000 bmack86 the Severer (level 9, -15/70 HPs)
             Began as a Minotaur Fighter on Aug 3, 2023.
             Was a Follower of Okawaru.
             Demolished by a spriggan
             ... wielding the +8 short sword of the Realm of Zot {holy, *Rage rF+ Str+4 Dex+2}
              (22 damage)
             ... in a bailey.
             The game lasted 00:13:51 (6605 turns).

bmack86 the Severer (Minotaur Fighter)              Turns: 6605, Time: 00:13:51

Health: -15/70     AC: 20    Str: 25    XL:     9   Next: 54%
Magic:  8/10       EV: 10    Int:  5    God:    Okawaru [*.....]
Gold:   204        SH:  5    Dex: 10    Spells: 8/8 levels left

rFire   . . .        a - +0 war axe
rCold   . . .        c - +0 buckler
rNeg    . . .        r - +0 chain mail
rPois   .            z - +2 hat
rElec   .            o - +2 cloak
rCorr   .            (no gloves)
SInv    .            (no boots)
Will    .....        k - amulet of regeneration Stlth
                     A - +4 ring of protection
HPRegen 1.11/turn    (no ring)
MPRegen 0.12/turn

%: no passive effects
@: heroic
A: horns 2, retaliatory headbutt
a: Renounce Religion, Heroism


You were in a bailey.
You worshipped Okawaru.
Okawaru was aware of your devotion.
You visited 2 branches of the dungeon, and saw 8 of its levels.
You also visited: Bailey.

You collected 344 gold pieces.
You spent 140 gold pieces at shops.

Inventory:

Hand Weapons
 a - a +0 war axe (weapon)
Missiles
 m - 8 boomerangs (quivered)
 s - 2 javelins
 y - a throwing net
Armour
 b - a +0 scale mail
 c - a +0 buckler (worn)
 o - a +2 cloak (worn)
 r - a +0 chain mail (worn)
 z - a +2 hat (worn)
Jewellery
 k - an amulet of regeneration (around neck)
 x - an amulet of guardian spirit
 A - a +4 ring of protection (left hand)
Wands
 t - a wand of charming (9)
Scrolls
 i - 2 scrolls of fog
 w - a scroll of noise
 B - a scroll of enchant armour
Potions
 d - a potion of might
 e - a potion of resistance
 f - a potion of mutation {unknown}
 g - 4 potions of curing
 h - 3 potions of haste
 j - a potion of brilliance {unknown}
 l - 2 potions of cancellation {unknown}
 n - 2 potions of lignification
 p - a potion of ambrosia {unknown}
 q - 3 potions of heal wounds
 u - 2 potions of magic {unknown}
 v - a potion of attraction {unknown}


   Skills:
 - Level 3.6(8.6) Fighting
 + Level 15.2(20.2) Axes
 - Level 3.6(8.6) Armour
 - Level 3.6(8.6) Shields
 + Level 2.9 Invocations


You had 8 spell levels left.
You didn't know any spells.
Your spell library contained the following spells:

 Spells                   Type           Power      Damage    Failure   Level
 Apportation              Tloc           0%         N/A       95%         1
 Blink                    Tloc           0%         N/A       99%         2
 Manifold Assault         Tloc           0%         N/A       100%        4
 Alistair's Intoxication  Tmut/Pois      0%         N/A       100%        5


Dungeon Overview and Level Annotations

Branches:
Dungeon (7/15)             Temple (1/1) D:5          Bailey (1/1)

Altars:
Ashenzari
Cheibriados
Dithmenos
Fedhas
Hepliaklqana
Makhleb
Nemelex Xobeh
Okawaru
Qazlal
Ru
Sif Muna
Trog
Uskayaw
Vehumet
Wu Jian
Xom
Zin

Shops:
D:4 *   D:6 *


Innate Abilities, Weirdness & Mutations

You have a pair of horns on your head.
You reflexively headbutt those who attack you in melee.


Message History

The acid dragon roars!
You hear a shout!
An ogre comes into view. It is wielding a +0 halberd.
The spriggan splashes around in the water.
The acid dragon moves out of view.
The spriggan attacks as you move away!
The spriggan hits you but does no damage.
The two-headed ogre hits you but does no damage. x2
You slash the spriggan! Your headbutt misses the spriggan.
The spriggan is moderately wounded.
The spriggan hits you with the +8 short sword of the Realm of Zot {holy, *Rage rF+ Str+4 Dex+2}!
You miss the spriggan. Your headbutt misses the spriggan.
The spriggan is moderately wounded.
The spriggan splashes around in the water.
You barely miss the spriggan. Your headbutt misses the spriggan.
The spriggan is moderately wounded.
The two-headed ogre hits you from afar with a +0 halberd.
The two-headed ogre barely misses you.
The spriggan goes berserk!
The spriggan hits you with the +8 short sword of the Realm of Zot {holy, *Rage rF+ Str+4 Dex+2}!!
You closely miss the spriggan.
The spriggan is moderately wounded.
The spriggan hits you with the +8 short sword of the Realm of Zot {holy, *Rage rF+ Str+4 Dex+2}!
You closely miss the spriggan. Your headbutt misses the spriggan.
The spriggan is moderately wounded.
An ogre comes into view. It is wielding a +0 halberd.
The two-headed ogre hits you from afar with a +0 halberd!
The two-headed ogre closely misses you. You block the spriggan's attack.
You closely miss the spriggan.
The spriggan is moderately wounded.
The spriggan hits you with the +8 short sword of the Realm of Zot {holy, *Rage rF+ Str+4 Dex+2}.
* * * LOW HITPOINT WARNING * * *
You miss the spriggan. Your headbutt misses the spriggan.
The spriggan is moderately wounded.
The two-headed ogre closely misses you.
The two-headed ogre hits you but does no damage.
The spriggan hits you with the +8 short sword of the Realm of Zot {holy, *Rage rF+ Str+4 Dex+2}!
* * * LOW HITPOINT WARNING * * *
You slice the spriggan!!
The spriggan is almost dead.
The spriggan hits you with the +8 short sword of the Realm of Zot {holy, *Rage rF+ Str+4 Dex+2}!!
You die...

##..###♣#♣#).##
##..#♣ ..#♣..##
##..## ..##..##
##..♣# . #O..#
~~..# ♣.♣...#
~~..# ♣.#~..#
~~..# ♣.O~..#
~~..♣ ♣.♣i..#
~~..# ♣.#@..#
##..# . ♣)..#
##..# ..#♣..##
##..# #..## #..
♣..## ....##
.....# #####


You could see a two-headed ogre, an ogre and a spriggan (berserk).

Vanquished Creatures
  Grinder (D:4)
  Sigmund (D:6)
  4 spriggans (Bailey)
  A water moccasin (D:5)
  An ice beast (D:6)
  An orc warrior (D:6)
  A black bear (D:4)
  5 ogres
  A phantom (D:5)
  3 scorpions
  4 jellies
  3 hounds
  5 orc priests
  A gnoll bouda (D:5)
  2 sleepcaps
  4 orc wizards
  3 iguanas
  Robin (D:4)
  5 gnolls (D:5)
  11 adders
  A white imp (D:5)
  2 ufetubi (D:6)
  8 worms
  4 dart slugs
  28 orcs
  6 endoplasms
  2 giant cockroaches
  16 goblins
  13 hobgoblins
  4 jackals (D:2)
  4 kobolds
  3 quokkas
  8 ball pythons
  2 bats (D:3)
  6 frilled lizards
  3 rats
168 creatures vanquished.

Notes
Turn   | Place    | Note
-------+----------+-------------------------------------------
     0 | D:1      | bmack86 the Minotaur Fighter began the quest for the Orb.
     0 | D:1      | Reached XP level 1. HP: 19/19 MP: 0/0
   346 | D:1      | Reached skill level 3 in Axes
   441 | D:1      | Reached XP level 2. HP: 19/26 MP: 1/1
   929 | D:1      | Reached skill level 4 in Axes
  1049 | D:2      | Reached XP level 3. HP: 31/31 MP: 2/2
  1538 | D:3      | Found a snail-covered altar of Cheibriados.
  1663 | D:3      | Reached skill level 5 in Axes
  1776 | D:3      | Found a faded altar of an unknown god.
  1814 | D:3      | Reached XP level 4. HP: 36/39 MP: 3/3
  1883 | D:3      | Reached skill level 6 in Axes
  1976 | D:3      | Found a hide-covered altar of Uskayaw.
  2394 | D:4      | Noticed a black bear
  2402 | D:4      | Killed a black bear
  2403 | D:4      | Reached skill level 7 in Axes
  2403 | D:4      | Reached XP level 5. HP: 42/45 MP: 4/4
  2474 | D:4      | Noticed Grinder
  2474 | D:4      | Noticed Robin
  2496 | D:4      | Killed Grinder
  2497 | D:4      | Reached skill level 8 in Axes
  2497 | D:4      | Reached XP level 6. HP: 25/51 MP: 5/5
  2506 | D:4      | Killed Robin
  2752 | D:4      | Reached skill level 9 in Axes
  2812 | D:4      | Found Tanaux's Serpentskin Sales.
  2864 | D:4      | Reached XP level 7. HP: 57/57 MP: 6/6
  3400 | D:5      | Entered Level 5 of the Dungeon
  3410 | D:4      | Reached skill level 10 in Axes
  3783 | D:5      | Found a hazy altar of Hepliaklqana.
  3894 | D:5      | Reached skill level 11 in Axes
  3900 | D:5      | Reached XP level 8. HP: 23/64 MP: 7/7
  4193 | D:5      | Found a shimmering blue altar of Sif Muna.
  4219 | D:5      | Reached skill level 12 in Axes
  4329 | D:5      | Found a radiant altar of Vehumet.
  4330 | D:5      | Found a broken altar of Ashenzari.
  4330 | D:5      | Found a glowing silver altar of Zin.
  4504 | D:5      | Found a shimmering altar of Xom.
  4837 | D:5      | Found a staircase to the Ecumenical Temple.
  4848 | Temple   | Entered the Ecumenical Temple
  4855 | Temple   | Became a worshipper of Warmaster Okawaru
  4945 | D:6      | Noticed Sigmund
  4952 | D:6      | Killed Sigmund
  4953 | D:6      | Reached skill level 13 in Axes
  5014 | D:6      | Identified the +10 dagger "Ocaoth" {venom, Fly Dex+3}
  5362 | D:6      | Found an ornate altar of the Wu Jian Council.
  5423 | D:6      | Found Cayriloz's Assorted Antiques.
  5434 | D:6      | Bought a small cameo amulet for 140 gold pieces
  5628 | D:6      | Reached skill level 14 in Axes
  5628 | D:6      | Reached XP level 9. HP: 55/70 MP: 8/8
  5791 | D:6      | Reached * piety under Okawaru
  6407 | D:7      | Found a flagged portal.
  6437 | Bailey   | Entered a bailey
  6525 | Bailey   | Reached skill level 1 in Invocations
  6551 | Bailey   | Reached skill level 15 in Axes
  6579 | Bailey   | Identified the +8 short sword of the Realm of Zot {holy,
                  | *Rage rF+ Str+4 Dex+2}
  6595 | Bailey   | Noticed a two-headed ogre
  6605 | Bailey   | Demolished by a spriggan

Illustrated notes

Levels and vault maps discovered:
D:1:      sevenhm_arrival_forest_fort_large_4, layout_basic
D:2:      layout_rooms, minmay_misc_feat_x
D:3:      layout_loops_cross, mainiacjoe_overflow_catwalk, chei_slow_surprise,
          serial_aquarium, aquarium_bridge_square [aquarium_subvault_bridge,
          aquarium_subvault_wall, aquarium_subvault_wall,
          aquarium_subvault_window], aquarium_window_fake, aquarium_window_fake,
          aquarium_view_2c, aquarium_pool_1,
          shapermc_ecumenical_altar_mp_urbaneastern, minmay_misc_feat_rows,
          grunt_ministairs_11, kennysheep_path_1, minmay_ruptured
D:4:      minmay_opposing_rooms, layout_basic, grunt_decor_arrowhead,
          guppyfry_shop_venom, uniq_robin, uniq_grinder
D:5:      layout_loops_ring, dk_xom_monty_hall, mainiacjoe_overflow_alcove_1,
          gammafunk_temple_overflow_forgotten, mainiacjoe_overflow_boulevard,
          minmay_temple_entry_proselytizer, nicolae_wormholes
D:6:      layout_layer_cave, nzn_wu_jian_contemplation, serial_shops, shop,
          uniq_sigmund
D:7:      layout_cave_pods, nicolae_gozag_zags_fifth_avenue, serial_shops,
          nicolae_stop_n_shop_1, shop, nicolae_shop_tiny_waterfront, shop,
          enter_bailey_2
Temple:   hellmonk_temple_micro_hex
Bailey:   bailey_polearm_enchanted_keep_hellmonk, bailey

Skill      XL: |  1  2  3  4  5  6  7  8  9 |
---------------+----------------------------+-----
Axes           | 3 4 5 7 8 9 11 14 15 | 15.2
Invocations    | 2 |  2.9
Fighting       | |  3.6
Armour         | |  3.6
Shields        | |  3.6

Action                     |  1- 3 |  4- 6 |  7- 9 || total
---------------------------+-------+-------+-------++-------
  Melee: War axe           |    85 |    63 |   262 ||   410
         Headbutt          |    11 |    11 |    36 ||    58
  Throw: Boomerang         |     6 |     1 |     3 ||    10
 Invoke: Heroism           |       |       |     1 ||     1
    Use: Scroll            |     3 |     1 |     8 ||    12
         Potion            |       |       |     1 ||     1
 Armour: Scale mail        |    38 |    44 |    75 ||   157
         Chain mail        |       |       |    18 ||    18
  Dodge: Dodged            |    44 |    38 |    78 ||   160
  Block: Buckler           |    16 |    21 |    46 ||    83

Table legend: (Time is in decaauts)
 A = Elapsed time spent in this place.
 B = Non-inter-level travel time spent in this place.
 C = Inter-level travel time spent in this place.
 D = Time resting spent in this place.
 E = Time spent auto-exploring this place.
 F = Levels seen in this place.
 G = Mean time per level.
                   A        B        C        D        E       F      G
               +--------+--------+--------+--------+--------+-----+--------+
         Total |   6631 |   6505 |    126 |    285 |   4736 |   9 |  736.8 |
       Dungeon |   6444 |   6318 |    126 |    228 |   4736 |   7 |  920.6 |
        Temple |     26 |     26 |      0 |     12 |      0 |   1 |   26.0 |
        Bailey |    159 |    159 |      0 |     45 |      0 |   1 |  159.0 |
               +--------+--------+--------+--------+--------+-----+--------+

Top non-repeatable levels by time:
     D:6: 1453 daAuts
     D:5: 1300 daAuts
     D:4: 1234 daAuts
     D:1: 975 daAuts
     D:3: 964 daAuts
     D:2: 486 daAuts
  Bailey: 159 daAuts
     D:7: 29 daAuts
  Temple: 26 daAuts
